 Dungeon Crawl Stone Soup version 0.30-a0-377-g5cb311bc9f (webtiles) character file.

Game seed: 6079944888486598247

193 porpoise the Shooter (level 5, -8/32 HPs)
             Began as a Tengu Hunter on Nov 28, 2022.
             Killed by divine providence
             ... invoked by an orc priest
              (11 damage)
             ... on level 3 of the Dungeon.
             The game lasted 00:09:06 (2343 turns).

porpoise the Shooter (Tengu Hunter)                 Turns: 2343, Time: 00:09:07

Health: -8/32      AC:  4    Str: 12    XL:     5   Next: 72%
Magic:  6/6        EV: 14    Int:  9    God:
Gold:   284        SH:  0    Dex: 19    Spells: 4/4 levels left

rFire   . . .      SeeInvis .    a - +0 shortbow
rCold   . . .      Faith    .    (shield currently unavailable)
rNeg    . . .      Spirit   .    w - +1 leather armour {Will+}
rPois   .          Reflect  .    (helmet restricted)
rElec   .          Harm     .    (no cloak)
rCorr   .          Rampage  .    (no gloves)
Will    +....                    (boots unavailable)
Stlth   ++........               (no amulet)
HPRegen 0.25/turn                (no ring)
MPRegen 0.10/turn                (no ring)

@: flying quickly and evasively, quick
A: beak, talons 3, nimble flight
a: no special abilities


You were on level 3 of the Dungeon.
You visited 1 branch of the dungeon, and saw 4 of its levels.

You collected 284 gold pieces.

Inventory:

Hand Weapons
 a - a +0 shortbow (weapon)
Missiles
 o - 3 atropa-tipped darts
 q - 3 datura-tipped darts
 r - 10 poisoned darts
Armour
 u - a +0 ring mail
 w - a +1 leather armour of willpower (worn)
Magical Staves
 l - a staff of earth
Scrolls
 b - a scroll of immolation
 c - 3 scrolls of identify {unknown}
 e - 2 scrolls of magic mapping {unknown}
 h - 3 scrolls of teleportation {unknown}
 j - a scroll of amnesia {unknown}
 n - a scroll of poison {unknown}
 p - a scroll of torment {unknown}
 s - a scroll of fog {unknown}
 t - a scroll of enchant weapon {unknown}
 v - 2 scrolls of vulnerability {unknown}
Potions
 d - 2 potions of magic
 f - 2 potions of curing
 g - 2 potions of heal wounds {unknown}
 i - a potion of degeneration {unknown}
 k - 2 potions of berserk rage {unknown}
 m - a potion of flight {unknown}


   Skills:
 + Level 3.6 Fighting
 * Level 6.6 Ranged Weapons
 - Level 2.1 Dodging
 - Level 1.0 Stealth


You had 4 spell levels left.
You didn't know any spells.
Your spell library contained the following spells:

 Spells                   Type           Power      Damage    Failure   Level
 Shock                    Conj/Air       0%         1d3       45%         1
 Cigotuvi's Dreadful Rot  Necr/Pois/Air  0%         N/A       61%         2
 Ignite Poison            Fire/Tmut/Pois 0%         N/A       83%         3
 Kindle Blastsparks       Fire/Tloc/Air  0%         2d10      83%         3
 Swiftness                Air            0%         N/A       83%         3
 Airstrike                Air            0%         2d(0-16)  99%         4
 Dispel Undead            Necr           0%         3d6       99%         4
 Freezing Cloud           Conj/Ice/Air   0%         6-21      100%        5
 Death Channel            Necr           0%         N/A       100%        6


Dungeon Overview and Level Annotations

Branches:
Dungeon (4/15)
 Temple: D:4-7

Altars:
Nemelex Xobeh
Qazlal

Shops:
D:1 (


Innate Abilities, Weirdness & Mutations

You have a beak for a mouth.
You have claws for feet.
Your magical nature lets you fly swiftly and evasively.


Message History

The orc barely misses you.
You shoot an arrow. The arrow closely misses the orc.
The arrow barely misses the orc.
The arrow hits the orc but does no damage.
An orc priest comes into view. It is wielding a +0 whip.
You shoot an arrow. The arrow closely misses the orc.
You hear a shout!
The orc hits you with a +0 dagger. x2
You shoot an arrow. The arrow barely misses the orc.
You hear a shout!
An orc comes into view.
It is wielding a +1 short sword of flaming.
The orc hits you but does no damage. x2
The orc priest looks braver for a moment.
The orc barely misses you.
The orc priest calls down the wrath of Beogh upon you.
Beogh smites you!
Unknown command.
You are too injured to fight recklessly!
Unknown command.
It was a potion of magic.
Magic courses through your body.
It was a potion of curing.
You feel better. The orc barely misses you.
You shoot an arrow. The arrow hits the orc!
You kill the orc!
You hear a shout!
The orc barely misses you.
You shoot an arrow. The arrow completely misses the orc.
The arrow hits the orc priest.
The orc priest is moderately wounded.
The orc hits you with a +0 dagger.
The orc priest calls down the wrath of Beogh upon you.
Beogh smites you!
* * * LOW HITPOINT WARNING * * *
Fire: a) +0 shortbow
Press: ? - help, Q - select action, (/) - cycle Shift-Dir - straight line, f - orc priest, p - orc
Aim: an orc priest, wielding a +0 mace (moderately wounded, 65% to hit)
You shoot an arrow. The arrow hits the orc.
You kill the orc!
The orc priest mumbles some strange prayers to Beogh against you.
Beogh smites you!
You die...

#.# #.# #.# #.# #.#
#.####.# #oooo..#
#.####o############
♣@)o............
♣.♣....#.#######.
♣♣.♣.♣♣♣♣.# ####
♣♣.♣♣#♣...♣♣ #.. .
♣..♣♣♣♣.♣♣♣ #.# .##
♣8.....♣♣ ##.# .##
♣_..⌠.♣♣♣ ♣♣♣♣..##.##
♣8......♣♣♣...♣.#..##
♣..♣♣♣♣.....♣♣..#.# #


You could see 2 orc priests.

Vanquished Creatures
  A hound (D:4)
  An orc wizard (D:4)
  4 adders
  2 ufetubi (D:4)
  4 worms
  A dart slug (D:1)
  7 orcs
  5 endoplasms
  3 giant cockroaches
  7 hobgoblins
  5 jackals
  3 quokkas
  6 ball pythons
  5 bats
  2 frilled lizards (D:1)
  6 goblins
  8 kobolds
  7 rats
77 creatures vanquished.

Notes
Turn   | Place    | Note
-------+----------+-------------------------------------------
     0 | D:1      | porpoise the Tengu Hunter began the quest for the Orb.
     0 | D:1      | Reached XP level 1. HP: 12/12 MP: 2/2
    93 | D:1      | Reached XP level 2. HP: 17/17 MP: 3/3
   158 | D:1      | Found Honiyc's Weapon Shop.
   267 | D:1      | Reached skill level 5 in Ranged Weapons
   519 | D:2      | Reached XP level 3. HP: 22/22 MP: 4/4
  1207 | D:2      | You fall into a shaft and drop 2 floors!
  1207 | D:4      | Found a stormy altar of Qazlal.
  1230 | D:4      | Reached XP level 4. HP: 23/27 MP: 5/5
  1426 | D:4      | Reached skill level 6 in Ranged Weapons
  1426 | D:4      | Gained mutation: Your magical nature lets you fly swiftly
                  | and evasively. [Tengu growth]
  1426 | D:4      | Reached XP level 5. HP: 16/32 MP: 6/6
  1535 | D:4      | Found a sparkling altar of Nemelex Xobeh.
  2292 | D:3      | Found a faded altar of an unknown god.
  2343 | D:3      | Killed from afar by an orc priest

Illustrated notes

Levels and vault maps discovered:
D:1:      onia_arrival_handbag, layout_rooms, serial_shops,
          nicolae_shop_bloodbath_and_beyond, st_stairs_7, minmay_misc_feat_alley
D:2:      layout_loops_cross, st_stairs_14, minmay_tromino_i2
D:3:      layout_loops_corners, shapermc_ecumenical_altar_totnotflames,
          chequers_arboretum, minmay_door_square
D:4:      layout_loops_ring, amcnicky_altar_gilded, mainiacjoe_overflow_chevrons

Skill      XL: |  1  2  3  4 |
---------------+-------------+-----
Ranged Weapons | 5 6 |  6.6
Fighting       | 3 |  3.6
Dodging        | |  2.1
Stealth        | |  1.0

Action                   |  1- 3 |  4- 6 || total
-------------------------+-------+-------++-------
 Fire: Shortbow          |   102 |   114 ||   216
  Use: Potion            |       |     2 ||     2
Armor: Leather armour    |     9 |     8 ||    17
       Ring mail         |       |    10 ||    10
Dodge: Dodged            |    22 |    49 ||    71

Table legend: (Time is in decaauts)
 A = Elapsed time spent in this place.
 B = Non-inter-level travel time spent in this place.
 C = Inter-level travel time spent in this place.
 D = Time resting spent in this place.
 E = Time spent auto-exploring this place.
 F = Levels seen in this place.
 G = Mean time per level.
                   A        B        C        D        E       F      G
               +--------+--------+--------+--------+--------+-----+--------+
         Total |   2335 |   2283 |     52 |    413 |   1308 |   4 |  583.8 |
       Dungeon |   2335 |   2283 |     52 |    413 |   1308 |   4 |  583.8 |
               +--------+--------+--------+--------+--------+-----+--------+

Top non-repeatable levels by time:
     D:2: 780 daAuts
     D:1: 637 daAuts
     D:4: 459 daAuts
     D:3: 457 daAuts
